 Dungeon Crawl Stone Soup version 0.31-a0-188-g5e087ee2ca (webtiles) character file.

Game seed: 11549742533901207237

57 qw the Shooter (level 3, 0/20 HPs)
             Began as a Deep Elf Hunter on June 23, 2023.
             Slain by Grinder (8 damage)
             ... while paralysed by Grinder
             ... on level 3 of the Dungeon.
             The game lasted 00:00:32 (1412 turns).

qw the Shooter (Deep Elf Hunter)                    Turns: 1412, Time: 00:00:33

Health: 0/20       AC:  6    Str: 10    XL:     3   Next: 73%
Magic:  5/5        EV:  2    Int: 13    God:
Gold:   90         SH:  0    Dex: 24    Spells: 2/2 levels left

rFire   . . .        Y - +0 shortbow
rCold   . . .        (shield currently unavailable)
rNeg    . . .        h - +0 ring mail
rPois   .            d - +0 helmet
rElec   .            (no cloak)
rCorr   .            (no gloves)
SInv    .            (no boots)
Will    .....        i - amulet of the acrobat
Stlth   ++           e - +6 ring of dexterity
HPRegen 0.23/turn    (no ring)
MPRegen 0.09/turn

%: acrobat
@: paralysed
A: no striking features
a: no special abilities


You were on level 3 of the Dungeon.
You visited 1 branch of the dungeon, and saw 3 of its levels.

You collected 90 gold pieces.


   Skills:
 - Level 1.5 Fighting
 + Level 7.2 Ranged Weapons
 - Level 2.4 Dodging
 - Level 1.2 Stealth


You had 2 spell levels left.
You didn't know any spells.
Your spell library was empty.

Inventory:

Hand Weapons
 Y - a +0 shortbow (weapon)
Armour
 d - a +0 helmet (worn)
 h - a +0 ring mail (worn)
Jewellery
 e - a +6 ring of dexterity (left hand)
 i - an amulet of the acrobat (around neck)
Scrolls
 c - a scroll of teleportation
Potions
 b - a potion of attraction {unknown}
 f - a potion of curing {unknown}
 g - a potion of lignification {unknown}
 j - a potion of berserk rage {unknown}

Dungeon Overview and Level Annotations

Branches:
Dungeon (3/15)

Altars:
Qazlal

Annotations:
D:3 Grinder


Message History

There is a stone staircase leading up here.
Grinder is nearby!
You shoot an arrow.
The arrow hits Grinder but does no damage.
Grinder is moderately wounded.
Grinder gestures at you.
You suddenly lose the ability to move!
Grinder blinks!
You can move again.
Found a stormy altar of Qazlal.
Grinder is nearby!
You shoot an arrow. The arrow hits Grinder.
Grinder is moderately wounded.
You shoot an arrow. The arrow barely misses Grinder.
Grinder gestures at you.
You suddenly lose the ability to move!
Grinder gestures at you. You resist with significant effort.
You can move again.
You shoot an arrow. The arrow barely misses Grinder.
You hear the slow rusting of a distant drain.
You shoot an arrow. The arrow hits Grinder.
Grinder is heavily wounded.
Grinder hits you.
You writhe in agony.
You shoot an arrow. The arrow completely misses Grinder.
Grinder gestures at you. Pain shoots through your body!
You shoot an arrow. The arrow barely misses Grinder.
Grinder barely misses you. x2
You shoot an arrow. The arrow barely misses Grinder.
Grinder gestures at you. You resist with significant effort.
You shoot an arrow. The arrow closely misses Grinder.
Grinder says, "There's only one good use for a tongue: cutting it out."
Grinder gestures at you.
You suddenly lose the ability to move!
Grinder hits you. Grinder hits you but does no damage. Grinder hits you!
You die...

.# ##.# #...#
##...## E#...#E
#.######...##
#............ .
#@..._...
#..#####5.......
........###...##
#..###..#E#...#E
#..#....###...##
........<..#.#..
................
...#.......####.
.###.........


You could see an earth elemental, a water elemental, Grinder, a fire elemental
and an air elemental.

Vanquished Creatures
  An adder (D:2)
  2 dart slugs (D:1)
  3 bats
  6 endoplasms
  A giant cockroach (D:1)
  8 hobgoblins
  2 jackals (D:2)
  2 quokkas (D:2)
  4 ball pythons
  3 frilled lizards
  A goblin (D:2)
  3 kobolds
  2 rats (D:1)
38 creatures vanquished.

Notes
Turn   | Place    | Note
-------+----------+-------------------------------------------
     0 | D:1      | qw the Deep Elf Hunter began the quest for the Orb.
     0 | D:1      | Reached XP level 1. HP: 12/12 MP: 3/3
     0 | D:1      | 0 ||| qw: Version: 0.3-a-9-g12657ce
     0 | D:1      | 0 ||| qw: Game counter: 4376
     0 | D:1      | 0 ||| qw: Always use a shield: true
     0 | D:1      | 0 ||| qw: God list: Okawaru
     0 | D:1      | 0 ||| qw: Allow faded altars: false
     0 | D:1      | 0 ||| qw: Do Orc after D:15 true
     0 | D:1      | 0 ||| qw: Do second Lair branch before Depths: true
     0 | D:1      | 0 ||| qw: Lair rune preference: random
     0 | D:1      | 0 ||| qw: Plans: Normal
     0 | D:1      | 0 ||| PLANNING D:1-11
   194 | D:1      | Reached skill level 6 in Ranged Weapons
   194 | D:1      | Reached XP level 2. HP: 13/16 MP: 4/4
   653 | D:1      | 653 ||| UPGRADING to +0 helmet.
   658 | D:1      | 658 ||| UPGRADING to +0 ring mail.
   668 | D:1      | 668 ||| DROPPING +0 leather armour.
   669 | D:1      | 669 ||| READING scroll labelled OKHLEBBI WAGAI.
   670 | D:1      | 670 ||| READING scroll labelled YVIBACZ LOCA.
   673 | D:1      | 673 ||| DROPPING scroll of butterflies.
   737 | D:2      | Reached XP level 3. HP: 20/20 MP: 5/5
   988 | D:2      | Reached skill level 7 in Ranged Weapons
  1340 | D:2      | 1340 ||| UPGRADING to amulet of the acrobat.
  1345 | D:2      | 1345 ||| UPGRADING to +6 ring of dexterity.
  1346 | D:2      | 1346 ||| READING scroll labelled PAUK IHUXTAO.
  1347 | D:2      | 1347 ||| READING scroll labelled YZONWOTHRIMMY.
  1348 | D:2      | 1348 ||| READING scroll labelled ROIHOL DIUNIP.
  1349 | D:2      | 1349 ||| READING scroll labelled KENICU QEFA.
  1357 | D:3      | Noticed an air elemental
  1357 | D:3      | Noticed Grinder
  1358 | D:3      | 1358 ||| PLANNING SEWER
  1363 | D:3      | 1363 ||| STAIRDANCE
  1390 | D:3      | Paralysed by Grinder for 5 turns
  1395 | D:3      | Noticed an earth elemental
  1397 | D:3      | Found a stormy altar of Qazlal.
  1398 | D:3      | Noticed a water elemental
  1398 | D:3      | Noticed a fire elemental
  1401 | D:3      | Paralysed by Grinder for 3 turns
  1409 | D:3      | Paralysed by Grinder for 4 turns
  1412 | D:3      | Slain by Grinder

Levels and vault maps discovered:
D:1:      psy_arrival_heroes, layout_basic
D:2:      layout_loops_ring, kennysheep_cluttered_room
D:3:      layout_loops_ring, nicolae_qazlal_style_of_elements,
          gup_sewer_entry_bowl, nicolae_ecumenical_snake_handling,
          minmay_misc_feat_square, minmay_stone_trees_medium,
          small_statue_intersection, guppyfry_early_lair_pool, uniq_grinder,
          uniq_sigmund

Skill      XL: |  1  2  3 |
---------------+----------+-----
Ranged Weapons | 6 7 |  7.2
Fighting       | |  1.5
Dodging        | |  2.4
Stealth        | |  1.2

Action                     || total
---------------------------++-------
   Fire: Shortbow          ||   111
    Use: Scroll            ||     6
 Armour: Leather armour    ||     4
         Ring mail         ||     5
  Dodge: Dodged            ||    20

Table legend:
 A = Non-vault XP
 B = Vault XP
 C = Vault XP percentage of total XP
 D = Non-vault monster count
 E = Vault monster count
 F = Vault count percentage of total count
                 A         B        C        D         E       F
            +---------+---------+-------+---------+---------+-------
      Total |      82 |       0 |   0.0 |      38 |       0 |   0.0
            +---------+---------+-------+---------+---------+-------
        D:1 |      33 |       0 |   0.0 |      17 |       0 |   0.0
        D:2 |      49 |       0 |   0.0 |      21 |       0 |   0.0
            +---------+---------+-------+---------+---------+-------
